[Event "Early-Titled-Tuesday-Blitz-February-13-2024"]
[Site "Chess.com"]
[Date "2024.02.13"]
[Round "3"]
[White "Hanging_pointer"]
[Black "LileKoridze"]
[Result "1-0"]
[WhiteElo "2615"]
[BlackElo "2425"]
[TimeControl "180+1"]
[EndTime "8:28:55 PST"]
[Termination "Hanging_pointer won by resignation"]

1. d4 Nf6 2. c4 e6 3. Nf3 d5 4. g3 Bb4+ 5. Bd2 Be7 6. Bg2 O-O 7. O-O c6 8. Qc2 b6 9. Ne5 Bb7 10. cxd5 cxd5 11. Rc1 Nbd7 12. Qc7 Ba6 13. Nc6 Qe8 14. Nc3 Kh8 15. Nxe7 Qxe7 16. Bf4 Rfc8 17. Qd6 Qe8 18. Qa3 Bb7 19. Nb5 e5 20. dxe5 Rxc1+ 21. Rxc1 Nxe5 22. Nc7 Nc4 23. Rxc4 Qxe2 24. Rc1 Rc8 25. Bf3 Qe7 1-0

[Event "Early-Titled-Tuesday-Blitz-February-13-2024"]
[Site "Chess.com"]
[Date "2024.02.13"]
[Round "3"]
[White "ChessFanNM"]
[Black "FLYD"]
[Result "1-0"]
[WhiteElo "2323"]
[BlackElo "1955"]
[TimeControl "180+1"]
[EndTime "8:29:00 PST"]
[Termination "ChessFanNM won by resignation"]

1. e4 c6 2. d4 d5 3. exd5 cxd5 4. Nf3 Nc6 5. c4 Nf6 6. Nc3 Bg4 7. cxd5 Nxd5 8. Qb3 Bxf3 9. gxf3 e6 10. Qxb7 Nxd4 11.
Bb5+ Nxb5 12. Qc6+ Ke7 13. Qxb5 Nxc3 14. bxc3 Qd5 15.
Rb1 Qxb5 16. Rxb5 Kf6 17. Bg5+ Kg6 18. Rg1 f6 19. Be3+ Kf7 20. Rb7+ Ke8 21. Bxa7 g6 22. Ke2 Bd6 23. Rd1 Rd8 24. Bb6 1-0

[Event "Early-Titled-Tuesday-Blitz-February-13-2024"]
[Site "Chess.com"]
[Date "2024.02.13"]
[Round "3"]
[White "Roedor"]
[Black "maurovargas01"]
[Result "1-0"]
[WhiteElo "2309"]
[BlackElo "1878"]
[TimeControl "180+1"]
[EndTime "8:29:07 PST"]
[Termination "Roedor won by resignation"]

1. c4 e5 2. g3 Nc6 3. Bg2 f5 4. Nc3 Nf6 5. e3 Bb4 6. Nd5 Bf8 7. Ne2 Ne7 8. Nxf6+ gxf6 9. d4 Ng6 10. h4 h5 11.
Qc2 d6 12. Bh3 Qd7 13. Bd2 Bh6 14. O-O-O O-O 15. e4 Ne7 16. Bxh6 Rf7 17. Be3 Nc6 18. Bxf5 Qe8 19. Bxc8 Qxc8 20. d5 Nb4 21. Qb3 Qd7 22. Qxb4 1-0

[Event "Early-Titled-Tuesday-Blitz-February-13-2024"]
[Site "Chess.com"]
[Date "2024.02.13"]
[Round "3"]
[White "Alblooshi_Hamad"]
[Black "Kotofeyca"]
[Result "1/2-1/2"]
[WhiteElo "2222"]
[BlackElo "2427"]
[TimeControl "180+1"]
[EndTime "8:29:12 PST"]
[Termination "Game drawn by repetition"]

1. d4 d5 2. c4 c6 3. Nf3 Nf6 4.
Nc3 dxc4 5. a4 Bg4 6. e3 e5 7.
dxe5 Qxd1+ 8. Kxd1 Nfd7 9. Bxc4 Bxf3+ 10. gxf3 Nxe5 11. Be2 a5 12. Kc2 Na6 13. Bxa6 Rxa6 14. f4 Nd7 15. b3 Bb4 16. Ba3 Bxa3 17. Rxa3 Nc5 18. Raa1 Ke7 19. Rhd1 Raa8 20. Rd2 Rad8 21. Rad1 Rxd2+ 22. Rxd2 h5 23. f3 Rh6 24. Rg2 Kf8 25. Ne4 Nxe4 26. fxe4 Rd6 27. Rg5 Re6 28. Rxh5 Rxe4 29.
Kd3 Rb4 30. Kc3 Re4 31. Kd3 Rb4 32. Kc3 Re4 33. Kd3 1/2-1/2

[Event "Early-Titled-Tuesday-Blitz-February-13-2024"]
[Site "Chess.com"]
[Date "2024.02.13"]
[Round "3"]
[White "giomar27"]
[Black "cyrdap"]
[Result "0-1"]
[WhiteElo "2461"]
[BlackElo "2647"]
[TimeControl "180+1"]
[EndTime "8:29:15 PST"]
[Termination "cyrdap won by checkmate"]

1. Nc3 f5 2. e4 fxe4 3. Nxe4 Nf6 4. Bd3 g6 5. h4 Nxe4 6. Bxe4 d5 7. Bd3 e5 8. h5 e4 9. Be2 Qg5 10. Kf1 Qf6 11.
d4 Nc6 12. c3 g5 13. h6 Bd6 14.
Bh5+ Ke7 15. Nh3 Rg8 16. Bg4 Rg6 17. Bxc8 Rxc8 18. Qg4 Rcg8 19. Be3 Rxh6 20. Ke2 Rh4 21. Bxg5 Rxg4 22. Bxf6+ Kxf6 23. f3 Rxg2+ 24. Ke3 exf3 25. Kxf3 R8g3# 0-1

[Event "Early-Titled-Tuesday-Blitz-February-13-2024"]
[Site "Chess.com"]
[Date "2024.02.13"]
[Round "3"]
[White "ChessRespected"]
[Black "HanSchut"]
[Result "1-0"]
[WhiteElo "2557"]
[BlackElo "2264"]
[TimeControl "180+1"]
[EndTime "8:29:16 PST"]
[Termination "ChessRespected won by resignation"]

1. d4 Nf6 2. Nf3 g6 3. g3 Bg7 4. Bg2 O-O 5. c4 d5 6. cxd5 Nxd5 7. O-O c5 8. e4 Nb6 9. d5 e6 10. Nc3 exd5 11. exd5 Bf5 12. Be3 c4 13. Bd4 Bd3 14. Bxg7 Kxg7 15. Re1 Nxd5 16. Nxd5 Qxd5 17. Ne5 Qb5 18.
a4 Qa6 19. b4 Rd8 20. Qf3 f6 21. Nxd3 cxd3 22. Re7+ Kh8 23. Qe3 d2 24. Rd1 Nc6 25.
Bxc6 bxc6 26. Qh6 1-0

[Event "Early-Titled-Tuesday-Blitz-February-13-2024"]
[Site "Chess.com"]
[Date "2024.02.13"]
[Round "3"]
[White "SchmakAttack"]
[Black "Oleksandr_Bortnyk"]
[Result "0-1"]
[WhiteElo "2795"]
[BlackElo "3075"]
[TimeControl "180+1"]
[EndTime "8:29:21 PST"]
[Termination "Oleksandr_Bortnyk won by resignation"]

1. d4 d6 2. Nf3 Nf6 3. c4 g6 4. Nc3 Bf5 5. Qb3 Qc8 6. h3 Bg7 7. g4 Bd7 8. Bg2 Nc6 9. Qc2 a5 10. d5 Nb4 11. Qd2 c6 12. a3 Na6 13. Rb1 Nc5 14. b4 axb4 15. axb4 Nfe4 16. Nxe4 Nxe4 17. Qd3 cxd5 18. cxd5 Nc3 19. Rb2 Bb5 20. Qc2 Nxe2 0-1

[Event "Early-Titled-Tuesday-Blitz-February-13-2024"]
[Site "Chess.com"]
[Date "2024.02.13"]
[Round "3"]
[White "Alex_Banzea"]
[Black "Licancabur"]
[Result "1-0"]
[WhiteElo "2618"]
[BlackElo "2429"]
[TimeControl "180+1"]
[EndTime "8:29:21 PST"]
[Termination "Alex_Banzea won on time"]

1. d4 d5 2. Nc3 Nf6 3. Bf4 a6 4. e3 Bg4 5. f3 Bh5 6. g4 Bg6 7. h4 h6 8. Bd3 Bxd3 9. Qxd3 e6 10.
Nge2 Bd6 11. O-O-O Nbd7 12. Bxd6 cxd6 13. Nf4 b5 14. g5 Ng8 15. g6 Qf6 16. gxf7+ Qxf7 17. Ng6 Rh7 18. Ne5 Qf5 19. Ng6 Qxd3 20. cxd3 Ne7 21.
Rdg1 Nxg6 22. Rxg6 Nf8 23. Rg3 g6 24. Kd2 Rf7 25.
Ne2 Rf6 26. Nf4 Kf7 27. Rc1 Ra7 28. Rc6 Nd7 29. Rxd6 Ke7 30. Rc6 Kf7 31. a3 Ra8 32. Ke2 Ra7 33. Rg1 Nf8 34. Rc8 Kg7 35. Nh5+ 1-0

[Event "Early-Titled-Tuesday-Blitz-February-13-2024"]
[Site "Chess.com"]
[Date "2024.02.13"]
[Round "3"]
[White "xakevicius91"]
[Black "DenizG123"]
[Result "1-0"]
[WhiteElo "2548"]
[BlackElo "2124"]
[TimeControl "180+1"]
[EndTime "8:29:21 PST"]
[Termination "xakevicius91 won by resignation"]

1. e4 c5 2. Nf3 Nc6 3. Bc4 e6 4. O-O Nf6 5. Re1 Be7 6. e5 Nd5 7. c3 O-O 8. d4 d6 9. Qe2 Nb6 10. Bd3 f6 11. exf6 Bxf6 12. dxc5 dxc5 13. Nbd2 e5 14. h3 Nd5 15. Ne4 Nf4 16. Bxf4 exf4 17. Nxc5 Qb6 18. Ne4 Be6 19. Bc4 Bxc4 20. Qxc4+ Kh8 21.
Neg5 Qxb2 22. Nf7+ Rxf7 23. Qxf7 Qxc3 24. Re8+ 1-0

[Event "Early-Titled-Tuesday-Blitz-February-13-2024"]
[Site "Chess.com"]
[Date "2024.02.13"]
[Round "3"]
[White "TigrVShlyape"]
[Black "FREDERICKtheMATE"]
[Result "1-0"]
[WhiteElo "2867"]
[BlackElo "2643"]
[TimeControl "180+1"]
[EndTime "8:29:22 PST"]
[Termination "TigrVShlyape won by checkmate"]

1. e4 c5 2. Nf3 Nc6 3. d4 cxd4 4.
Nxd4 Nf6 5. Nc3 e5 6. Ndb5 d6 7. Bg5 a6 8. Na3 b5 9. Nd5 Be7 10. Bxf6 Bxf6 11. c3 O-O 12. Nc2 Rb8 13. Be2 Bg5 14.
O-O g6 15. Qd3 f5 16. Bf3 f4 17. Rfd1 a5 18. a4 bxa4 19. Qc4 Be6 20. Qxc6 Rxb2 21. Qxa4 Bd7 22. Qa3 Rxc2 23. Qb3 Rxf2 24. Kxf2 Bh4+ 25.
Kg1 Kh8 26. Qb6 Qg5 27. Qxd6 Rf7 28. Rxa5 Bg4 29. Bxg4 Qxg4 30. Qxe5+ Kg8 31. Ra8+ Rf8 32. Nf6+ Bxf6 33. Rxf8+ Kxf8 34. Qxf6+ Kg8 35. Rd8# 1-0

[Event "Early-Titled-Tuesday-Blitz-February-13-2024"]
[Site "Chess.com"]
[Date "2024.02.13"]
[Round "3"]
[White "Akylbek2021"]
[Black "Sanyura"]
[Result "0-1"]
[WhiteElo "2277"]
[BlackElo "2650"]
[TimeControl "180+1"]
[EndTime "8:29:28 PST"]
[Termination "Sanyura won by resignation"]

1. d4 Nf6 2. Nf3 g6 3. c4 Bg7 4. Nc3 d6 5. g3 O-O 6. Bg2 Nbd7 7. O-O e5 8. e4 exd4 9. Nxd4 Nc5 10. Qc2 Re8 11. Rd1 a5 12. b3 a4 13. b4 Ne6 14.
Nce2 Nxd4 15. Nxd4 a3 16. Rb1 Qe7 17. Nb5 Bd7 18.
Nxc7 Ba4 19. Qd3 Qxc7 20. Qxd6 Qxc4 21. Rd4 Qxa2 0-1

[Event "Early-Titled-Tuesday-Blitz-February-13-2024"]
[Site "Chess.com"]
[Date "2024.02.13"]
[Round "3"]
[White "DanielDardha2005"]
[Black "Sl4werThanYou"]
[Result "1-0"]
[WhiteElo "2906"]
[BlackElo "2646"]
[TimeControl "180+1"]
[EndTime "8:29:29 PST"]
[Termination "DanielDardha2005 won by resignation"]

1. e4 e5 2. d4 d6 3. Nf3 exd4 4. Qxd4 Nf6 5. Nc3 Be7 6. Bg5 Nc6 7. Bb5 Bd7 8. Bxc6 Bxc6 9. O-O-O h6 10. Bh4 O-O 11.
h3 Nxe4 12. Bxe7 Qxe7 13. Rhe1 f5 14. Nd2 Qf6 15. Qc4+ Kh8 16. Ndxe4 fxe4 17. Nxe4 Bxe4 18. Qxe4 Qxf2 19. Qxb7 Qb6 20. Qe4 Rf6 21. Qxa8+ Kh7 22. Qe4+ Rg6 23. h4 Qc5 24. g4 Qe5 25. Qxe5 dxe5 26.
Re4 Rxg4 27. Rxg4 1-0

[Event "Early-Titled-Tuesday-Blitz-February-13-2024"]
[Site "Chess.com"]
[Date "2024.02.13"]
[Round "3"]
[White "CMmauricio"]
[Black "secretsuperstar7"]
[Result "1-0"]
[WhiteElo "2839"]
[BlackElo "2515"]
[TimeControl "180+1"]
[EndTime "8:29:29 PST"]
[Termination "CMmauricio won by resignation"]

1. d4 d5 2. e3 c5 3. f4 Nc6 4. c3 g6 5. Nf3 Bg7 6. Bd3 Nf6 7. O-O O-O 8. Nbd2 b6 9. Ne5 Bb7 10. Rf3 Ne4 11. Rh3 f6 12. Nxe4 dxe4 13. Bc4+ e6 14. Bxe6+ Rf7 15. Nxf7 Qe7 16. Bb3 c4 17. Bxc4 Na5 18.
Nd6+ Nxc4 19. Nxc4 Bc8 20. Rg3 h5 21. h4 Be6 22.
Nd2 Bg4 23. Qb3+ Kh7 24. Nf1 f5 25. Bd2 Qxh4 26. Be1 Qe7 27. Nh2 h4 28. Rxg4 fxg4 29. Nxg4 Qd7 30. Nf2 g5 31. Qc2 Re8 32. fxg5 Qf5 33.
Nh3 Rf8 34. Bxh4 Qg4 35. g6+ Kxg6 36. Nf4+ Rxf4 37. exf4 Qxh4 38. Qxe4+ Kh6 39. Qe6+ Bf6 40. Qh3 1-0

[Event "Early-Titled-Tuesday-Blitz-February-13-2024"]
[Site "Chess.com"]
[Date "2024.02.13"]
[Round "3"]
[White "Elegance_Riks"]
[Black "Polish_fighter3000"]
[Result "0-1"]
[WhiteElo "2784"]
[BlackElo "3060"]
[TimeControl "180+1"]
[EndTime "8:29:32 PST"]
[Termination "Polish_fighter3000 won by resignation"]

1. e4 c6 2. d4 d5 3. exd5 cxd5 4. c3 Nc6 5. Bf4 Bf5 6. Nf3 f6 7. Bd3 Qd7 8. O-O g5 9. Bg3 e6 10. Re1 Nge7 11. Qe2 Kf7 12. Nbd2 h5 13. h4 g4 14. Nh2 Bh6 15. Nhf1 Bxd3 16. Qxd3 f5 17. Be5 Nxe5 18. Rxe5 Ng6 19. Re2 Nf4 20. Qe3 Nh3+ 21. gxh3 Bxe3 22. Nxe3 Rag8 23. Kh1 Qd8 24. Ng2 gxh3 25.
Nf4 Qxh4 26. Nd3 h2 27. f4 Rg1+ 28. Rxg1 hxg1=Q+ 29. Kxg1 Rg8+ 30. Rg2 Rxg2+ 31. Kxg2 Ke8 0-1

[Event "Early-Titled-Tuesday-Blitz-February-13-2024"]
[Site "Chess.com"]
[Date "2024.02.13"]
[Round "3"]
[White "Matibar"]
[Black "Jospem"]
[Result "0-1"]
[WhiteElo "2772"]
[BlackElo "3054"]
[TimeControl "180+1"]
[EndTime "8:29:36 PST"]
[Termination "Jospem won by resignation"]

1. e4 c5 2. Nf3 d6 3. Bb5+ Nd7 4. O-O a6 5. Bxd7+ Bxd7 6. Re1 Nf6 7. e5 dxe5 8. Nxe5 e6 9. Qf3 Qc7 10. Na3 Rc8 11.
Nac4 b5 12. Nxd7 Nxd7 13. Ne3 Be7 14. d3 O-O 15. Nd5 exd5 16. Rxe7 Ne5 17. Rxc7 Nxf3+ 18. gxf3 Rxc7 19. a4 b4 20. Bf4 Rc6 21. Re1 Re6 22.
Rxe6 fxe6 23. Bd6 Rc8 24. f4 Kf7 25. Kg2 Kg6 26. Kf3 Kf5 27. h4 h6 28. b3 g6 29. Kg3 c4 30. bxc4 dxc4 31. Bxb4 cxd3 32. cxd3 Rd8 33. f3 Rxd3 34. a5 Rd4 35. Bc5 Rxf4 36.
Bb6 Ra4 37. Bc7 g5 38. hxg5 Kxg5 39. Bd8+ Kf5 0-1

[Event "Early-Titled-Tuesday-Blitz-February-13-2024"]
[Site "Chess.com"]
[Date "2024.02.13"]
[Round "3"]
[White "NastyaHn"]
[Black "PolandHussars"]
[Result "1-0"]
[WhiteElo "2389"]
[BlackElo "2589"]
[TimeControl "180+1"]
[EndTime "8:29:44 PST"]
[Termination "NastyaHn won by checkmate"]

1. Nc3 d5 2. e4 d4 3. Nce2 c5 4. Nf3 Nc6 5. Ng3 h5 6. h4 e5 7.
Bc4 Bg4 8. a4 Bd6 9. d3 Nf6 10.
Qd2 Bxf3 11. gxf3 Ne7 12. Qg5 Ng6 13. Nf5 Kf8 14. Rg1 Be7 15. Bxf7 Kxf7 16. Qxg6+ Ke6 17.
Nxg7+ Kd6 18. Nf5+ Kc7 19. Qf7 Rh7 20. Qc4 Rg7 21.
Rxg7 Ng8 22. Bg5 Kb6 23. a5+ Kc6 24. Nxe7+ Nxe7 25. Rxe7 Qxa5+ 26. Rxa5 b5 27. Qxb5+ Kd6 28. Qxc5# 1-0

[Event "Early-Titled-Tuesday-Blitz-February-13-2024"]
[Site "Chess.com"]
[Date "2024.02.13"]
[Round "3"]
[White "tusplingher"]
[Black "chucksterf10"]
[Result "1-0"]
[WhiteElo "2463"]
[BlackElo "2618"]
[TimeControl "180+1"]
[EndTime "8:29:45 PST"]
[Termination "tusplingher won by resignation"]

1. e4 a6 2. d4 c6 3. Nf3 d5 4. Nc3 dxe4 5. Nxe4 Nf6 6. Nxf6+ gxf6 7. Bf4 Bg4 8. h3 Bh5 9. c3 Nd7 10. Bd3 e5 11.
Be3 Bg6 12. dxe5 fxe5 13. Bc4 Bg7 14. Qd2 e4 15. Nd4 Ne5 16. Be2 Nd3+ 17. Bxd3 exd3 18. O-O O-O 19. Rfe1 c5 20. Nf3 c4 21. Bd4 b5 22.
Bxg7 Kxg7 23. Re3 Qf6 24. Rae1 a5 25. Ne5 Rfe8 26. Ng4 Qc6 27. Rxe8 Rxe8 28. Qh6+ Kh8 29. Ne5 Qf6 30. Nxg6+ 1-0

[Event "Early-Titled-Tuesday-Blitz-February-13-2024"]
[Site "Chess.com"]
[Date "2024.02.13"]
[Round "3"]
[White "Arystanner"]
[Black "Elnaz_Kaliakhmet"]
[Result "1-0"]
[WhiteElo "2819"]
[BlackElo "2320"]
[TimeControl "180+1"]
[EndTime "8:29:46 PST"]
[Termination "Arystanner won by resignation"]

1. c4 c5 2. g3 g6 3. Bg2 Bg7 4. Nc3 Nc6 5. d3 d6 6. Qd2 Nf6 7. b3 O-O 8. Bb2 Bd7 9. Nf3 Rb8 10. O-O a6 11. Nd5 e6 12. Nxf6+ Bxf6 13. d4 cxd4 14. Nxd4 Nxd4 15. Bxd4 Bxd4 16. Qxd4 Bc6 17. Rfd1 Bxg2 18. Kxg2 Qa5 19. Qxd6 Rbd8 20. Qe7 Rxd1 21. Rxd1 Qxa2 22. Qxb7 Qxe2 23. Ra1 Rd8 24. Qxa6 Rd2 25. Qa8+ Kg7 26. Qf3 Qe5 27. Ra7 Qf5 28. Qc3+ 1-0

[Event "Early-Titled-Tuesday-Blitz-February-13-2024"]
[Site "Chess.com"]
[Date "2024.02.13"]
[Round "3"]
[White "Irishchessman16"]
[Black "AlexeiShirov"]
[Result "0-1"]
[WhiteElo "2516"]
[BlackElo "2834"]
[TimeControl "180+1"]
[EndTime "8:29:47 PST"]
[Termination "AlexeiShirov won by resignation"]

1. d4 d5 2. Bf4 Nf6 3. e3 c5 4. Nf3 Nc6 5. Nbd2 Qb6 6. dxc5 Qxb2 7. Rb1 Qc3 8. Bb5 g6 9. Be5 Qxc5 10. O-O Bg7 11.
c4 dxc4 12. Ne4 Nxe4 13. Bxg7 Rg8 14. Ba1 Nd6 15. a4 a6 16. Bd4 Qd5 17. e4 Nxe4 18. Bxc6+ bxc6 19. Qc1 Bg4 20. Rd1 Bxf3 21. gxf3 Ng5 22.
Qf4 Nh3+ 0-1

[Event "Early-Titled-Tuesday-Blitz-February-13-2024"]
[Site "Chess.com"]
[Date "2024.02.13"]
[Round "3"]
[White "vishwa_vijeta"]
[Black "vidavi"]
[Result "1-0"]
[WhiteElo "2616"]
[BlackElo "2426"]
[TimeControl "180+1"]
[EndTime "8:29:48 PST"]
[Termination "vishwa_vijeta won on time"]

1. e4 c5 2. Nf3 Nc6 3. d4 cxd4 4. Nxd4 Nf6 5. Nc3 e5 6. Ndb5 d6 7. Bg5 a6 8. Na3 b5 9. Bxf6 gxf6 10. Nd5 f5 11. exf5 Bxf5 12. Bd3 Be6 13. Be4 Rc8 14. O-O Bg7 15. f4 f5 16. Qh5+ Bf7 17.
Qxf5 Nd4 18. Qg4 Rg8 19. Bxh7 Bxd5 20. Bxg8 Bxg8 21. Qxg7 1-0

[Event "Early-Titled-Tuesday-Blitz-February-13-2024"]
[Site "Chess.com"]
[Date "2024.02.13"]
[Round "3"]
[White "aghasiyevkamal"]
[Black "LiadCuba"]
[Result "0-1"]
[WhiteElo "2618"]
[BlackElo "2464"]
[TimeControl "180+1"]
[EndTime "8:29:50 PST"]
[Termination "LiadCuba won by resignation"]

1. d4 d5 2. c4 e6 3. Nc3 Nf6 4.
cxd5 Nxd5 5. e4 Nxc3 6. bxc3 c5 7. Bc4 cxd4 8. cxd4 Bb4+ 9. Kf1 O-O 10. Nf3 Nc6 11.
Bb2 b6 12. h4 Bb7 13. h5 h6 14. Rh3 Rc8 15. Rg3 Bd6 16. Rg4 Na5 17. d5 e5 18.
Nxe5 f6 19. Nc6 Bxc6 20. dxc6+ Nxc4 21. Qd5+ Kh8 22. Qxc4 Be5 23. Bxe5 fxe5 24. Rg6 Qh4 25. Kg1 Qxf2+ 26. Kh1 Rf4 27. g4 Rf3 0-1

[Event "Early-Titled-Tuesday-Blitz-February-13-2024"]
[Site "Chess.com"]
[Date "2024.02.13"]
[Round "3"]
[White "Fighterman91"]
[Black "GOGIEFF"]
[Result "0-1"]
[WhiteElo "2769"]
[BlackElo "3015"]
[TimeControl "180+1"]
[EndTime "8:29:51 PST"]
[Termination "GOGIEFF won by resignation"]

1. e4 c5 2. Nf3 d6 3. Bc4 Nf6 4. d3 Nc6 5. O-O Bg4 6. h3 Bh5 7. c3 e6 8. Bb3 Be7 9. Re1 O-O 10. Nbd2 b5 11. Nf1 h6 12. g4 Bg6 13. Ng3 d5 14. e5 Nd7 15. Bf4 c4 16. Bc2 Nc5 17.
dxc4 bxc4 18. Bxg6 fxg6 19. Be3 Nd3 20. Rf1 Nxb2 21. Qe2 Nd3 22. Nd4 Nxd4 23. cxd4 Bg5 24. Rab1 Bxe3 25. fxe3 Qh4 26. Kg2 Rxf1 27. Rxf1 Rb8 28.
Qf3 Rb2+ 29. Kg1 Qxh3 0-1

[Event "Early-Titled-Tuesday-Blitz-February-13-2024"]
[Site "Chess.com"]
[Date "2024.02.13"]
[Round "3"]
[White "kushbhagat2009"]
[Black "Slovineanu"]
[Result "1-0"]
[WhiteElo "2629"]
[BlackElo "2437"]
[TimeControl "180+1"]
[EndTime "8:29:53 PST"]
[Termination "kushbhagat2009 won by resignation"]

1. d4 Nf6 2. Bf4 d5 3. e3 e6 4.
Nf3 c5 5. c3 Bd6 6. Bd3 cxd4 7.
Bxd6 Qxd6 8. exd4 Nc6 9. O-O O-O 10. Nbd2 e5 11. dxe5 Nxe5 12. Nxe5 Qxe5 13. Nf3 Qd6 14. h3 Bd7 15. Re1 Rfe8 16. Qc2 h6 17. Nd4 a6 18.
Bf5 g6 19. Bxg6 fxg6 20. Qxg6+ Kh8 21. Qxh6+ Kg8 22. Qg6+ Kh8 23. Nf3 Ne4 24. Qh5+ Kg7 25. Rad1 Bc6 26. Nd4 Re5 27. Nf5+ Rxf5 28. Qxf5 Rf8 29.
Qxe4 1-0

[Event "Early-Titled-Tuesday-Blitz-February-13-2024"]
[Site "Chess.com"]
[Date "2024.02.13"]
[Round "3"]
[White "Alexei_Kornev"]
[Black "HansOnTwitch"]
[Result "0-1"]
[WhiteElo "2694"]
[BlackElo "3164"]
[TimeControl "180+1"]
[EndTime "8:29:57 PST"]
[Termination "HansOnTwitch won by checkmate"]

1. e4 c5 2. Nf3 d6 3. d4 cxd4 4. Nxd4 Nf6 5. Nc3 a6 6. Be3 e5 7. Nb3 Be6 8. f3 h5 9. Qd2 Nbd7 10. O-O-O Rc8 11. Nd5 Nxd5 12. exd5 Bf5 13. Bd3 Bxd3 14. Qxd3 Be7 15. Kb1 O-O 16. g4 hxg4 17. fxg4 Bg5 18.
Bf2 Qc7 19. h4 Bf4 20. Rhe1 Qc4 21. Na5 Qc7 22. Nb3 Nf6 23. g5 Nxd5 24. Qxd5 Qxc2+ 25. Ka1 Qxf2 26. g6 Rc2 27. Qxd6 Rxb2 28. Qa3 Re2 29.
Rg1 e4 30. gxf7+ Rxf7 31. Qc5 Rxa2+ 32. Kb1 Qb2# 0-1

[Event "Early-Titled-Tuesday-Blitz-February-13-2024"]
[Site "Chess.com"]
[Date "2024.02.13"]
[Round "3"]
[White "SouS007"]
[Black "chipmunknau"]
[Result "1-0"]
[WhiteElo "2512"]
[BlackElo "2714"]
[TimeControl "180+1"]
[EndTime "8:29:57 PST"]
[Termination "SouS007 won by resignation"]

1. e4 c5 2. Nf3 d6 3. d4 cxd4 4.
Nxd4 Nf6 5. Nc3 a6 6. Bg5 Nbd7 7. f4 e6 8. Qf3 Be7 9. O-O-O Qc7 10. g4 h6 11.
Bxf6 Nxf6 12. h4 Nd7 13. g5 Nc5 14. f5 hxg5 15. hxg5 Bxg5+ 16. Kb1 Rxh1 17. Qxh1 Bh6 18. Qh5 Bd7 19. fxe6 Bxe6 20. Nxe6 Nxe6 21. Nd5 Qc5 22. Bh3 Rc8 23. c3 Qc4 24. Bf5 Kf8 25. Nb6 Nf4 26.
Nxc4 Nxh5 27. Bxc8 Ng3 28. Nxd6 1-0

[Event "Early-Titled-Tuesday-Blitz-February-13-2024"]
[Site "Chess.com"]
[Date "2024.02.13"]
[Round "3"]
[White "tantaan"]
[Black "blitzking1729"]
[Result "0-1"]
[WhiteElo "2495"]
[BlackElo "2714"]
[TimeControl "180+1"]
[EndTime "8:29:59 PST"]
[Termination "blitzking1729 won by resignation"]

1. e4 c5 2. Nc3 a6 3. g3 b5 4. Bg2 Bb7 5. d3 e6 6. Nh3 d6 7. O-O Nf6 8. f4 h5 9. f5 e5 10.
Bg5 Nbd7 11. a4 b4 12. Nd5 Bxd5 13.
exd5 Be7 14. c3 a5 15. d4 bxc3 16. bxc3 cxd4 17. cxd4 Ng4 18. Bxe7 Qxe7 19. Re1 O-O 20. Nf4 Qg5 21. dxe5 Ndxe5 22. Be4 h4 23. Nh3 Qh6 24. Qc1 hxg3 25. Qxh6 gxh2+ 26. Kg2 gxh6 27. Ra3 Kg7 28. Rg3 h5 29. Bf3 Kf6 30. Nf4 Rh8 31. Nxh5+ Rxh5 32. Bxg4 h1=Q+ 33. Rxh1 Rxh1 34. Kxh1 Rg8 0-1

[Event "Early-Titled-Tuesday-Blitz-February-13-2024"]
[Site "Chess.com"]
[Date "2024.02.13"]
[Round "3"]
[White "Zurability"]
[Black "jeetjain"]
[Result "1-0"]
[WhiteElo "2745"]
[BlackElo "2518"]
[TimeControl "180+1"]
[EndTime "8:30:02 PST"]
[Termination "Zurability won by resignation"]

1. Nf3 Nf6 2. d4 c5 3. d5 e6 4. Nc3 d6 5. e4 e5 6. h3 Be7 7. Be2 a6 8. a4 b6 9. O-O O-O 10. Nd2 Ne8 11. Nc4 f5 12. exf5 Bxf5 13. Bg4 Nd7 14. f4 exf4 15. Bxf4 Bxg4 16. Qxg4 Ndf6 17. Qe6+ Rf7 18. Qe2 b5 19. axb5 axb5 20. Nxb5 Rxa1 21. Rxa1 Nxd5 22. Bg3 Ndf6 23. Qe6 Qd7 24. Qxd7 Nxd7 25. Nbxd6 Nxd6 26. Nxd6 Rf6 27. Ra8+ Nf8 28. Nc8 Kf7 29. Nxe7 Kxe7 30. Bh4 1-0

[Event "Early-Titled-Tuesday-Blitz-February-13-2024"]
[Site "Chess.com"]
[Date "2024.02.13"]
[Round "3"]
[White "Chesstiger64"]
[Black "jaskol95"]
[Result "1/2-1/2"]
[WhiteElo "2310"]
[BlackElo "2570"]
[TimeControl "180+1"]
[EndTime "8:30:04 PST"]
[Termination "Game drawn by repetition"]

1. d4 e6 2. Nf3 f5 3. e3 Nf6 4. c4 b6 5. Bd3 Bb7 6. Nc3 d6 7. Qc2 Be7 8. e4 fxe4 9. Nxe4 Nc6 10. a3 Qd7 11. O-O O-O 12. Re1 h6 13. b4 e5 14.
dxe5 Nxe5 15. Nxe5 dxe5 16. Bb2 Rad8 17. Nxf6+ Bxf6 18. Be4 Bxe4 19. Qxe4 Qf7 20. f3 Rd7 21. Rad1 Rfd8 22.
Rxd7 Rxd7 23. Bxe5 Rd2 24. Bxf6 Qxf6 25. Qe8+ Kh7 26.
Qe4+ Kg8 27. Qe8+ Kh7 28. Qe4+ Kg8 1/2-1/2

[Event "Early-Titled-Tuesday-Blitz-February-13-2024"]
[Site "Chess.com"]
[Date "2024.02.13"]
[Round "3"]
[White "Goryachkina"]
[Black "LionelMessiFCB"]
[Result "1-0"]
[WhiteElo "2699"]
[BlackElo "2490"]
[TimeControl "180+1"]
[EndTime "8:30:06 PST"]
[Termination "Goryachkina won by resignation"]

1. e4 c5 2. Nf3 d6 3. d4 cxd4 4.
Nxd4 Nf6 5. Nc3 a6 6. a4 e5 7. Nf3 Be7 8. Bg5 Nbd7 9. Nd2 h6 10. Bh4 O-O 11. Nc4 Qc7 12. Ne3 Nb6 13. a5 Nbd7 14. Ncd5 Qd8 15. Nxe7+ Qxe7 16. Nf5 Qe6 17. Nxd6 Nc5 18.
Bc4 Qg4 19. Qxg4 Bxg4 20. f3 Be6 21. Bxe6 fxe6 22. O-O-O Rab8 23. Nc4 Ncd7 24. Bxf6 1-0

[Event "Early-Titled-Tuesday-Blitz-February-13-2024"]
[Site "Chess.com"]
[Date "2024.02.13"]
[Round "3"]
[White "scarabee43"]
[Black "biostatistician"]
[Result "1-0"]
[WhiteElo "2877"]
[BlackElo "2592"]
[TimeControl "180+1"]
[EndTime "8:30:08 PST"]
[Termination "scarabee43 won by checkmate"]

1. Nf3 Nf6 2. c4 g6 3. Nc3 Bg7 4. d4 O-O 5. Bg5 b6 6. e4 Bb7 7. Bd3 d6 8. O-O Nbd7 9. b4 h6 10. Bh4 Nh5 11. Bc2 a5 12. b5 g5 13. Bg3 e5 14. Nd5 exd4 15. Nxd4 Nxg3 16. hxg3 Bxd5 17.
exd5 Qf6 18. Nf5 Qxa1 19. Nxh6+ Kh8 20. Qh5 Nf6 21. Qh3 Qc3 22. Nf5+ Kg8 23. Ne7# 1-0

[Event "Early-Titled-Tuesday-Blitz-February-13-2024"]
[Site "Chess.com"]
[Date "2024.02.13"]
[Round "3"]
[White "bitter-cikolata"]
[Black "Mikasinski"]
[Result "1-0"]
[WhiteElo "2496"]
[BlackElo "2651"]
[TimeControl "180+1"]
[EndTime "8:30:08 PST"]
[Termination "bitter-cikolata won by resignation"]

1. e4 c5 2. Nf3 d6 3. d4 cxd4 4.
Nxd4 Nf6 5. Nc3 g6 6. Be3 Bg7 7.
h3 O-O 8. Bc4 Nc6 9. Bb3 Na5 10.
O-O Bd7 11. Re1 Rc8 12. Qd3 a6 13. Nd5 Nxb3 14. axb3 Re8 15. c4 e6 16. Nxf6+ Qxf6 17. Rab1 Red8 18. Nf3 b5 19. Bg5 Qxg5 20. Nxg5 Rc6 21.
cxb5 axb5 22. Rbc1 Rb6 23. Rc7 Be8 24. Rec1 Rbb8 25. R1c2 b4 26. Qa6 Be5 27. Rc8 Kg7 28.
Rxd8 Rxd8 29. Rc8 Bb5 30. Qb7 Rxc8 31. Qxc8 Bxb2 32. Nxe6+ Kf6 33. Qh8+ Kxe6 34. Qxb2 1-0